Map: [ESL] Data-C

Players

Zoun - Winner!

  • Race: Protoss Protoss
  • Spawn Location: 3:00

Kelazhur

  • Race: Terran Terran
  • League: Master
  • Spawn Location: 9:00

Event: HomeStory Cup XXII

VOD

Have the link to the VOD?

Description

Time

  • Played on: Dec. 16, 2022, 7 a.m.
  • Length: 18:05

All games in this series

Show
View Real Time Build Order
Export as new Build Order

Zoun Protoss - Winner!

Build Orders: 1 Gate Expand, Phoenix Opening 

Get SALT Encoding   

  12  0:00  Probe  
  13  0:12  Probe  
  14  0:17  Pylon  
  14  0:24  Probe (Chrono Boost)  
  15  0:36  Probe (Chrono Boost)  
  15  0:37  Gateway  
  16  0:44  Probe (Chrono Boost)  
  16  0:46  Assimilator  
  17  0:50  Probe  
  18  1:03  Probe  
  19  1:15  Probe  
  20  1:24  Cybernetics Core  
  20  1:36  Nexus  
  20  1:38  Probe  
  21  1:46  Pylon  
  21  1:50  Probe  
  22  1:54  Assimilator  
  22  2:01  Adept (Chrono Boost)  
  22  2:02  Probe  
  25  2:14  Probe  
  26  2:20  Stargate  
  26  2:26  Adept, Probe  
  29  2:34  Warp Gate  
  29  2:38  Shield Battery  
  29  2:40  Probe (Chrono Boost)  
  30  2:48  Probe (Chrono Boost)  
  32  2:52  Probe (Chrono Boost)  
  32  2:57  Probe (Chrono Boost)  
  33  2:59  Probe (Chrono Boost)  
  33  3:02  Probe (Chrono Boost)  
  35  3:06  Phoenix (Chrono Boost), Probe  
  38  3:17  Probe  
  39  3:23  Gateway  
  39  3:29  Phoenix (Chrono Boost), Probe  
  42  3:34  Probe  
  42  3:36  Pylon  
  42  3:40  Robotics Facility  
  43  3:42  Probe  
  44  3:49  Phoenix (Chrono Boost)  
  44  3:54  Probe  
  44  3:55  Probe  
  48  3:56  Gateway  
  48  4:00  Assimilator  
  48  4:05  Assimilator  
  48  4:06  Probe  
  48  4:08  Phoenix (Chrono Boost)  
  46  4:22  Zealot  
  47  4:24  Zealot  
  47  4:33  Probe (Chrono Boost)  
  49  4:39  Probe (Chrono Boost)  
  49  4:45  Probe (Chrono Boost), Stalker  
  52  4:52  Probe x2 (Chrono Boost)  
  54  5:02  Probe x2  
  54  5:04  Phoenix  
  52  5:10  Pylon  
  48  5:14  Zealot, Probe, Stalker  
  48  5:17  Probe  
  48  5:18  Pylon  
  54  5:28  Robotics Bay, Probe  
  55  5:30  Probe  
  56  5:41  Stalker x2  
  60  5:46  Probe  
  60  5:47  Immortal (Chrono Boost)  
  65  5:50  Probe  
  66  5:58  Probe  
  65  6:07  Nexus  
  65  6:09  Pylon  
  65  6:11  Probe  
  64  6:14  Probe  
  63  6:22  Colossus (Chrono Boost)  
  63  6:23  Probe  
  64  6:27  Phoenix (Chrono Boost), Probe  
  64  6:28  Shield Battery  
  73  6:34  Extended Thermal Lance  
  73  6:39  Twilight Council  
  73  6:40  Probe  
  73  6:41  Probe  
  75  6:51  Pylon  
  75  6:52  Probe  
  75  6:53  Phoenix  
  78  6:59  Pylon  
  78  7:09  Observer, Probe x2, Forge  
  78  7:13  Sentry  
  83  7:18  Phoenix  
  83  7:21  Probe x2  
  83  7:22  Probe  
  88  7:26  Assimilator  
  88  7:29  Assimilator  
  88  7:30  Charge (Chrono Boost)  
  88  7:33  Probe x2  
  88  7:34  Probe  
  91  7:38  Pylon  
  91  7:39  Protoss Ground Weapons Level 1 (Chrono Boost)  
  91  7:40  Colossus (Chrono Boost)  
  97  7:47  Pylon  
  97  7:48  Probe  
  98  7:53  Gateway  
  98  7:54  Gateway  
  98  7:56  Probe x2  
  100  8:01  Phoenix  
  100  8:02  Observer  
  100  8:05  Pylon  
  102  8:11  Gateway  
  102  8:12  Gateway  
  102  8:13  Templar Archives  
  102  8:17  Gateway  
  102  8:22  Gateway  
  102  8:25  Colossus (Chrono Boost)  
  102  8:26  Probe  
  102  8:27  Probe  
  110  8:40  Nexus  
  110  8:43  Pylon  
  110  8:44  Zealot  
  110  8:46  Photon Cannon  
  112  8:50  Photon Cannon  
  112  8:59  Observer  
  112  9:00  Robotics Facility  
  112  9:05  Shield Battery  
  112  9:06  Probe x3  
  112  9:07  Observer (Chrono Boost), Photon Cannon  
  112  9:09  High Templar  
  118  9:10  High Templar  
  118  9:14  Photon Cannon  
  118  9:15  Observer  
  118  9:16  Archon  
  120  9:18  Probe x3  
  120  9:19  High Templar  
  120  9:22  Zealot, High Templar  
  120  9:23  Disruptor, Zealot x2  
  136  9:26  Archon  
  136  9:28  Shield Battery  
  134  9:31  Pylon  
  134  9:39  Zealot x2  
  134  9:41  Protoss Ground Armor Level 1  
  134  9:42  Photon Cannon  
  136  9:47  High Templar  
  136  9:48  High Templar  
  136  9:50  Pylon  
  136  9:52  Archon, Pylon  
  140  9:56  Zealot x4  
  140  9:59  Disruptor (Chrono Boost)  
  147  10:05  Disruptor (Chrono Boost)  
  148  10:09  Zealot x3  
  148  10:11  Probe  
  149  10:22  Zealot x4  
  149  10:28  Zealot x2, Immortal (Chrono Boost)  
  155  10:31  Assimilator  
  155  10:32  High Templar x2  
  155  10:33  Assimilator  
  167  10:37  Archon, Immortal (Chrono Boost)  
  167  10:38  Zealot  
  171  10:48  Blink  
  171  10:53  Pylon  
  171  10:55  Pylon  
  169  10:57  Zealot  
  169  11:00  Zealot  
  169  11:01  Pylon x2  
  146  11:13  Zealot x7  
  141  11:21  Shield Battery  
  141  11:24  Probe x2  
  143  11:27  High Templar x2  
  143  11:31  Archon  
  147  11:34  Nexus, Stalker x2  
  147  11:38  Zealot  
  147  11:39  Zealot x4  
  156  11:42  Observer  
  156  11:47  Immortal (Chrono Boost)  
  142  11:55  Observer  
  142  11:58  High Templar x2  
  142  11:59  High Templar  
  142  12:00  Zealot x4, Sentry, High Templar  
  148  12:02  Pylon  
  148  12:03  Archon  
  148  12:05  Archon  
  148  12:06  Observer (Chrono Boost)  
  149  12:12  Protoss Ground Weapons Level 2 (Chrono Boost)  
  149  12:18  Observer (Chrono Boost)  
  149  12:21  Photon Cannon  
  150  12:24  Pylon  
  150  12:25  Disruptor (Chrono Boost), Assimilator  
  150  12:28  Forge  
  153  12:31  Gateway  
  153  12:33  Gateway  
  153  12:34  Probe x3  
  153  12:35  Disruptor (Chrono Boost), Shield Battery  
  156  12:37  Photon Cannon  
  159  12:48  Stalker x2  
  163  12:55  Disruptor (Chrono Boost)  
  164  13:00  Stalker x4  
  164  13:03  Disruptor  
  164  13:04  Protoss Ground Armor Level 2 (Chrono Boost), Zealot  
  177  13:08  Zealot x2  
  181  13:24  Zealot x7  
  181  13:26  Disruptor  
  198  13:35  Observer  
  198  13:40  Stalker x4  
  197  13:42  Disruptor  
  197  13:45  Zealot  
  197  13:46  Observer  
  197  13:48  Observer  
  190  13:59  High Templar x4  
  190  14:00  Zealot  
  198  14:03  Archon x2  
  198  14:13  Dark Shrine  
  198  14:24  Zealot, Protoss Ground Weapons Level 3 (Chrono Boost)  
  198  14:32  Gateway  
  198  14:34  Gateway  
  198  14:40  Gateway  
  198  14:42  Gateway  
  192  14:48  Disruptor x2 (Chrono Boost)  
  192  14:52  Nexus  
  174  15:04  Zealot x11  
  173  15:10  Protoss Ground Armor Level 3 (Chrono Boost)  
  155  15:17  Observer  
  155  15:20  Disruptor x2 (Chrono Boost)  
  157  15:26  Pylon  
  157  15:27  Zealot x11  
  157  15:28  Zealot  
  163  15:36  Zealot x3  
  163  15:37  Shadow Stride  
  169  15:49  Disruptor x2  
  157  15:56  Stalker x5  
  157  15:57  Zealot x10  
  172  16:02  Shield Battery  
  188  16:04  Photon Cannon  
  188  16:06  Photon Cannon  
  184  16:18  Zealot x8  
  200  16:32  Photon Cannon  
  200  16:34  Photon Cannon  
  186  16:45  Disruptor  
  186  16:46  Disruptor  
  180  16:58  Dark Templar x6  
  180  16:59  Dark Templar x4  
  200  17:06  Stalker x5  
  144  17:30  Zealot x7  
  150  17:42  Sentry  
  144  17:46  High Templar x4  
  144  17:47  Zealot x2, High Templar  
  144  17:50  Archon  
  158  17:52  Archon  
  158  17:53  High Templar  
Show
View Real Time Build Order
Export as new Build Order

Kelazhur Terran 

Build Orders: 1/1/1 

Get SALT Encoding   

  12  0:00  SCV  
  13  0:12  SCV  
  14  0:17  Supply Depot  
  14  0:24  SCV  
  15  0:38  SCV  
  15  0:39  Barracks  
  16  0:43  Refinery  
  16  0:50  SCV  
  16  0:53  Refinery  
  17  1:02  SCV  
  18  1:15  SCV  
  19  1:26  Reaper  
  19  1:27  Orbital Command  
  19  1:32  Supply Depot  
  20  1:41  Factory  
  20  1:52  SCV  
  21  1:58  Barracks Reactor  
  21  2:06  SCV  
  22  2:18  Command Center  
  22  2:19  SCV  
  23  2:28  Starport  
  23  2:32  SCV  
  23  2:35  Widow Mine  
  26  2:38  Marine  
  26  2:39  Marine  
  28  2:45  Supply Depot  
  28  2:47  SCV  
  29  2:56  Marine  
  29  2:57  Marine  
  31  3:06  SCV, Medivac  
  31  3:07  Factory Tech Lab  
  34  3:17  Marine x2  
  34  3:18  SCV  
  36  3:28  Cyclone  
  36  3:30  Orbital Command  
  36  3:33  SCV  
  40  3:39  Marine x2  
  42  3:43  Viking  
  42  3:47  SCV  
  45  3:56  SCV  
  45  3:57  Marine x2  
  45  3:59  SCV  
  49  4:05  Cyclone  
  49  4:09  SCV  
  53  4:13  SCV  
  53  4:15  Marine  
  53  4:21  SCV  
  54  4:30  SCV  
  54  4:32  Viking  
  54  4:34  Marine x2  
  54  4:36  SCV  
  52  4:38  Supply Depot  
  52  4:41  Cyclone  
  52  4:42  SCV  
  56  4:48  SCV  
  57  4:54  SCV  
  57  4:59  Marine x2  
  59  5:00  SCV  
  59  5:06  SCV  
  56  5:11  Command Center  
  56  5:13  SCV  
  57  5:15  Cyclone  
  57  5:16  Marine  
  57  5:17  Marine  
  57  5:18  SCV, Viking  
  57  5:21  Supply Depot  
  65  5:25  SCV  
  65  5:28  Barracks  
  66  5:30  SCV  
  66  5:34  Barracks, Marine x2  
  69  5:37  SCV  
  69  5:42  SCV  
  71  5:48  Cyclone  
  71  5:49  SCV  
  72  5:50  Viking  
  72  5:54  SCV  
  74  5:59  Refinery, Marine x2  
  74  6:00  Refinery  
  74  6:01  Engineering Bay, SCV  
  75  6:06  SCV  
  69  6:13  SCV  
  65  6:19  SCV, Barracks Tech Lab  
  65  6:20  Siege Tank, Marine x2  
  65  6:24  Orbital Command  
  65  6:25  SCV  
  69  6:29  Barracks Tech Lab  
  69  6:30  Starport Reactor  
  69  6:31  SCV  
  70  6:34  Terran Infantry Weapons Level 1  
  70  6:37  Barracks x2  
  70  6:38  Marine  
  70  6:39  Marauder, Marine  
  74  6:42  Stimpack  
  74  6:49  Marine  
  74  6:50  SCV  
  74  6:51  SCV, Combat Shield, Orbital Command  
  78  6:56  Marine x2  
  78  7:00  Marine  
  80  7:02  Siege Tank  
  80  7:03  Supply Depot, SCV  
  84  7:09  Marauder  
  84  7:10  SCV  
  84  7:14  Marine x2  
  84  7:15  SCV  
  90  7:18  Marauder  
  90  7:22  SCV  
  93  7:24  SCV, Medivac  
  93  7:28  Supply Depot x2, Barracks Reactor, Barracks Tech Lab  
  97  7:30  SCV, Refinery  
  97  7:31  Refinery, Marauder  
  97  7:34  SCV, Marine  
  101  7:39  SCV, Marine  
  101  7:42  Supply Depot  
  101  7:46  Missile Turret, Armory  
  101  7:47  Missile Turret  
  101  7:49  Marauder x2  
  101  7:51  SCV x2, Siege Tank  
  108  7:52  SCV  
  108  7:57  Marauder  
  113  7:59  Marine x2  
  113  8:03  Supply Depot, SCV x2  
  113  8:04  Supply Depot  
  116  8:06  SCV  
  116  8:10  Medivac x2  
  116  8:11  Marauder  
  122  8:13  Marine  
  122  8:14  Marauder  
  122  8:18  Ghost Academy  
  125  8:24  Marine x3  
  125  8:25  Concussive Shells, Marauder  
  125  8:26  Siege Tank  
  135  8:31  Supply Depot, Marine  
  135  8:33  Marauder  
  135  8:41  Marauder  
  135  8:43  SCV x3, Missile Turret  
  135  8:45  Marine  
  141  8:52  Marine x3  
  141  8:53  Command Center  
  141  8:54  Ghost  
  146  8:58  Medivac  
  146  9:02  Marine  
  149  9:07  Terran Infantry Weapons Level 2  
  149  9:12  Supply Depot x2  
  149  9:14  Supply Depot  
  149  9:17  Medivac, Marine x3, Ghost  
  156  9:27  Marine  
  157  9:33  Ghost x2  
  157  9:35  Marine  
  162  9:40  Marine x2  
  162  9:41  Siege Tank  
  162  9:43  SCV x3  
  162  9:44  Marine  
  171  9:46  Marauder  
  171  9:48  Supply Depot  
  171  9:50  Viking x2  
  175  9:53  Missile Turret  
  166  10:02  Marauder x2  
  166  10:03  Marine x3  
  166  10:04  Marine  
  173  10:07  Marauder  
  173  10:11  Planetary Fortress  
  173  10:13  Siege Tank  
  178  10:20  Marine  
  178  10:21  Marine x2  
  179  10:24  Viking x2, Marauder x2  
  179  10:25  Marine  
  190  10:28  Marine  
  190  10:33  Barracks  
  190  10:35  Barracks  
  191  10:36  Barracks  
  191  10:39  Marine x2  
  187  10:45  Marauder  
  187  10:46  Marine x2  
  187  10:47  Marauder  
  193  10:52  Marauder  
  193  10:54  Viking x2  
  193  10:56  Marine  
  200  11:10  Marauder x2  
  173  11:13  Marauder, Marine x2  
  165  11:20  Marine x2  
  165  11:21  Siege Tank  
  165  11:23  Barracks Reactor  
  165  11:24  Viking, Barracks Tech Lab x2  
  172  11:26  Terran Infantry Weapons Level 3  
  172  11:31  Marauder, Marine  
  172  11:32  Marauder  
  177  11:34  Marine  
  177  11:35  Medivac, Marauder  
  176  11:46  Marauder, Marine x2  
  178  11:47  Marine  
  178  11:49  Marine  
  178  11:52  Marine  
  178  11:53  Marauder  
  165  11:54  Medivac  
  165  12:00  Marauder, Marine x3  
  160  12:04  Marine  
  160  12:05  Medivac  
  160  12:06  Command Center  
  160  12:08  Marauder, Marine x2  
  165  12:09  Marauder  
  165  12:10  Enhanced Shockwaves, Marine  
  165  12:12  SCV x3  
  165  12:13  SCV  
  174  12:17  Ghost  
  176  12:24  Ghost  
  176  12:25  Sensor Tower  
  178  12:30  Medivac  
  178  12:31  Marine x5  
  178  12:35  Refinery x2, Medivac  
  187  12:41  Marine x2  
  187  12:42  Ghost  
  194  12:51  Siege Tank  
  193  12:59  Marauder, Marine x2  
  193  13:05  Ghost  
  197  13:06  Marine  
  200  13:14  Missile Turret  
  200  13:16  Missile Turret  
  200  13:17  Missile Turret  
  200  13:18  Missile Turret x2  
  200  13:23  Missile Turret  
  200  13:32  Missile Turret  
  198  13:34  Marauder  
  198  13:39  Marauder x2, Marine  
  198  13:40  Marauder x2, Marine x5  
  198  13:41  Siege Tank  
  187  13:45  Viking x2  
  187  13:48  Planetary Fortress  
  191  13:55  Marine  
  186  13:56  Marine  
  186  13:58  Marine x5  
  186  14:00  Marauder  
  186  14:01  Marauder  
  186  14:02  Marauder  
  199  14:03  Terran Infantry Armor Level 1  
  197  14:13  Marauder  
  197  14:14  Missile Turret, Marine  
  198  14:17  Marauder  
  198  14:21  Marine x3  
  198  14:25  Viking  
  198  14:29  Starport  
  200  14:38  Marauder  
  199  14:39  Marauder, Marine  
  199  14:40  SCV  
  199  14:43  Marauder, Marine  
  199  14:44  SCV x2  
  199  14:45  SCV  
  199  14:52  SCV  
  179  15:02  Marauder x2  
  179  15:03  Marine  
  179  15:05  Marauder  
  183  15:07  Marine  
  183  15:08  Marauder, Marine  
  183  15:09  Marauder, Marine  
  183  15:10  Marine  
  167  15:16  Marine  
  167  15:17  Viking x2  
  167  15:18  Siege Tank  
  167  15:19  Viking  
  167  15:21  Marine  
  175  15:23  Marine  
  175  15:24  Marauder  
  175  15:25  Marine  
  175  15:26  SCV, Marine x2  
  175  15:27  SCV, Command Center  
  182  15:28  SCV  
  182  15:33  Marauder  
  178  15:36  Marine, Ghost  
  178  15:37  Marine x2  
  178  15:41  Ghost  
  165  15:55  Marauder  
  148  15:59  Siege Tank, Ghost x2  
  148  16:02  Marine x5  
  148  16:03  Viking, Marine  
  162  16:21  Marauder  
  162  16:25  Sensor Tower  
  163  16:26  Missile Turret  
  163  16:28  Ghost x3  
  163  16:29  Marine x7  
  153  16:41  Marine  
  153  16:46  Ghost  
  153  16:47  Marine x6  
  154  16:56  Ghost  
  154  16:57  Marine x2  
  154  16:59  Marine  
  156  17:04  Marine  
  151  17:15  Marauder x2  
  153  17:16  Marauder  
  153  17:18  Marauder  
  130  17:26  Marauder, Marine x6  
  112  17:36  Marauder  
  112  17:37  Marauder x2  
  107  17:38  Marine  
  107  17:43  Marine  
  107  17:44  Marine x3  
  112  17:46  Marine  
Tags
 
Add a new tag
Caveats
  • Supply blocks, unpowered buildings, or Contaminate may cause inaccurate times.
  • Supply counts are checked every 10 seconds.